 Dungeon Crawl Stone Soup version 0.29.1-12-g30fa7ad0bf (webtiles) character file.

Game seed: 6110833443742448581

34503 javelincjr the Convoker (level 13, -9/78 HPs)
             Began as a Barachi Summoner on Jan 12, 2023.
             Was an Elder of Hepliaklqana.
             Shot with an arrow by a centaur warrior (18 damage)
             ... on level 15 of the Dungeon.
             The game lasted 02:56:47 (18029 turns).

javelincjr the Convoker (Barachi Summoner)         Turns: 18029, Time: 02:56:47

Health: -9/78      AC:  8    Str:  9    XL:     13   Next: 77%
Magic:  44/50      EV: 13    Int: 20    God:    Hepliaklqana [****..]
Gold:   1121       SH:  4    Dex: 13    Spells: 18/42 levels left

rFire   x . .      SeeInvis .   W - +5 trident (protect)
rCold   + . .      Faith    .   Y - +0 buckler
rNeg    . . .      Spirit   .   P - +0 steam dragon scales
rPois   .          Reflect  .   t - +1 hat
rElec   .          Harm     .   (no cloak)
rCorr   .          Rampage  .   C - +0 pair of gloves
Will    .....                   U - +0 pair of boots "Pirchai" {MP+9 Str-3 Stlth+}
Stlth   ++++......              O - amulet of magic regeneration
HPRegen 0.23/turn               e - ring of magical power
MPRegen 0.72/turn               V - ring "Fygohell" {Ice Str+2}

@: slow
A: reduced essence, amphibious, slowness 1, strong legs 2, +LOS, horns 1
a: Hop, Renounce Religion, Recall Ancestor, Ancestor Identity, Transference,
Idealise


You were on level 15 of the Dungeon.
You worshipped Hepliaklqana.
Hepliaklqana was greatly pleased with you.
You visited 2 branches of the dungeon, and saw 16 of its levels.

You collected 1121 gold pieces.

Inventory:

Hand Weapons
 l - a +3 lajatang of distortion
 A - a +2 short sword of distortion
 G - a +0 mace of holy wrath
 N - the +4 war axe "Viroew" {drain, rC++ rCorr Int-2 Dex+8}
   (You found it on level 11 of the Dungeon)

   A truly terrible weapon, it drains the life of any living foe it strikes.
   Int:       It affects your intelligence (-2).
   Dex:       It affects your dexterity (+8).
   rC:        It greatly protects you from cold.
   rCorr:     It protects you from acid and corrosion.
 T - a +4 hand axe of freezing
 W - a +5 trident of protection (weapon)
Missiles
 m - 4 curare-tipped darts
 r - 9 javelins (quivered)
 J - 8 boomerangs
Armour
 t - a +1 hat (worn)
 w - a +2 pair of boots
 C - a +0 pair of gloves (worn)
 M - the +5 ring mail of Filth {rF+ rN+}
   (You found it on level 11 of the Dungeon)

   rF:        It protects you from fire.
   rN:        It protects you from negative energy.
 P - +0 steam dragon scales (worn)
 R - a +1 troll leather armour {Snorg}
 U - the +0 pair of boots "Pirchai" (worn) {MP+9 Str-3 Stlth+}
   (You found it on level 10 of the Dungeon)

   Str:       It affects your strength (-3).
   MP:        It affects your magic capacity (+9).
   Stlth:     It makes you more stealthy.
 Y - a +0 buckler (worn)
Jewellery
 e - a ring of magical power (left hand)
 E - a ring of protection from cold
 I - a +6 ring of dexterity
 O - an amulet of magic regeneration (around neck)
 S - a ring of fire
 V - the ring "Fygohell" (right hand) {Ice Str+2}
   (You found it on level 14 of the Dungeon)

   [ring of ice]

   It enhances your ice magic.
   Str:       It affects your strength (+2).
   rF:        It makes you vulnerable to fire.
   rC:        It protects you from cold.
Wands
 a - a wand of mindburst (7)
 f - a wand of polymorph (5)
 y - a wand of flame (50)
 F - a wand of paralysis (20)
 L - a wand of roots (8)
 Q - a wand of digging (14)
Scrolls
 c - a scroll of magic mapping
 h - 3 scrolls of teleportation
 j - 4 scrolls of fog
 k - 2 scrolls of amnesia
 n - a scroll of blinking
 v - 3 scrolls of poison
 B - 2 scrolls of identify
 D - 2 scrolls of fear
 Z - a scroll of summoning
Potions
 b - 2 potions of magic
 d - 2 potions of brilliance
 g - a potion of berserk rage
 i - 5 potions of haste
 o - 9 potions of curing
 p - 5 potions of might
 u - 3 potions of heal wounds
 x - 5 potions of flight
 K - 3 potions of resistance


   Skills:
 + Level 3.4 Fighting
 + Level 0.8 Short Blades
 + Level 3.4(3.8) Polearms
 + Level 2.4(3.5) Staves
 + Level 1.1 Throwing
 + Level 2.7 Armour
 + Level 4.2 Dodging
 + Level 4.5 Stealth
 + Level 1.6 Shields
 + Level 15.0 Spellcasting
 + Level 3.0 Hexes
 + Level 17.5 Summonings
 + Level 5.6 Ice Magic
 + Level 2.8 Air Magic


You had 18 spell levels left.
You knew the following spells:

 Your Spells              Type           Power      Damage    Failure   Level
a - Summon Small Mammal   Summ           100%       N/A       0%          1
b - Call Imp              Summ           71%        N/A       0%          2
c - Call Canine Familiar  Summ           71%        N/A       0%          3
d - Summon Guardian Gole  Hex/Summ       54%        N/A       1%          3
e - Summon Ice Beast      Ice/Summ       75%        N/A       1%          4
f - Summon Lightning Spi  Summ/Air       54%        N/A       1%          4
g - Summon Hydra          Summ           35%        N/A       3%          7

Your spell library contained the following spells:

 Spells                   Type           Power      Damage    Failure   Level
 Frozen Ramparts          Ice            100%       1d16      1%          3
 Summon Cactus Giant      Summ           35%        N/A       1%          6
 Summon Mana Viper        Hex/Summ       54%        N/A       2%          5
 Static Discharge         Conj/Air       20%        3-6/arc   4%          2
 Summon Forest            Summ/Tloc      25%        N/A       4%          5
 Sublimation of Blood     Necr           15%        N/A       9%          2
 Wereblood                Tmut           15%        N/A       9%          2
 Ice Form                 Ice/Tmut       39%        N/A       17%         4
 Dispel Undead            Necr           15%        3d10      47%         4
 Sticky Flame             Conj/Fire      15%        2d4       47%         4
 Blade Hands              Tmut           7%         N/A       83%         5
 Irradiate                Conj/Tmut      7%         3d14      83%         5
 Dragon Form              Tmut           7%         N/A       100%        7


Dungeon Overview and Level Annotations

Branches:
Dungeon (15/15)            Temple (1/1) D:5            Lair (0/5) D:11
    Orc (0/2) D:11         Vaults (0/5) D:13         Depths (0/4) D:15

Altars:
Ashenzari
Cheibriados
Dithmenos
Elyvilon
Fedhas
Gozag
Hepliaklqana
Kikubaaqudgha
Makhleb
Nemelex Xobeh
Okawaru
Qazlal
Ru
Sif Muna
Trog
Uskayaw
Vehumet
Wu Jian
Xom
Yredelemnul
Zin
The Shining One
Lugonu


Innate Abilities, Weirdness & Mutations

Your life essence is reduced to manifest your ancestor. (-10% HP)
You are amphibious.
You cover ground slowly.
You can hop long distances.
You have an extended range of vision and can be seen from far away.
You have a pair of small horns on your head.


Message History

The cyclops hits Ulric!!
Casting: Summon Hydra (dangerous; 3% risk of failure)
Confirm with . or Enter, or press ? or * to list all spells.
Ulric barely misses the cyclops.
Your ice beast barely misses the cyclops.
Your six-headed hydra bites the deep elf pyromancer but does no damage.
Your six-headed hydra bites the deep elf pyromancer!
Your six-headed hydra bites the deep elf pyromancer but does no damage.
Your six-headed hydra closely misses the deep elf pyromancer.
Your six-headed hydra bites the deep elf pyromancer. x2
The fire elemental hits your warg. The fire elemental burns your warg!
The deep elf pyromancer gestures at you while chanting.
The bolt of fire hits your six-headed hydra!!
The bolt of fire hits you!!! The fire burns you terribly!
Ouch! That really hurt!
The bolt of fire hits your lightning spire.
Your lightning spire resists.
Your ice beast hits the cyclops but does no damage.
Ulric hits the cyclops with a +0 quarterstaff!
The cyclops dies!
Your six-headed hydra bites the deep elf pyromancer but does no damage.
Your six-headed hydra bites the deep elf pyromancer! x3
The deep elf pyromancer dies!
The fire elemental disappears in a puff of smoke!
Your Spellcasting skill increases to level 15!
As you read the scroll of magic mapping, it crumbles to dust.
You feel aware of your surroundings.
You sensed 1 shop/portal.
Your six-headed hydra disappears in a puff of smoke!
A centaur warrior comes into view.
A yaktaur comes into view.
The yaktaur moves out of view.
The yaktaur shouts!
You hear a shout!
The centaur warrior wields a +0 longbow.
The centaur warrior shoots an arrow.
The arrow hits you!
* * * LOW HITPOINT WARNING * * *
The yaktaur wields a +0 arbalest.
The yaktaur shoots a bolt.
The bolt barely misses your warg. You block the bolt.
The centaur warrior shoots an arrow.
The arrow hits you!
* * * LOW HITPOINT WARNING * * *
The centaur warrior shoots an arrow.
The arrow hits you!!
You die...

#.......(..........,,,,,,,,
##.........####.....,,,,,,,
#.....)....###.....,,,,,,,
##........##.......,,,,*,,
#8......###.......,,,,*,,
#<................,,,,,,,
######............,,,,,,,
###....R.......c,,,,,,,
#.....@Y........,,,,,,,
#...............,,,,,**
*###......h...#..,,,,,,,
*#.......#.....#***,,,**,
*................#***,***
##................,******
##...............,,**,**
##............c.,,,,,,,
#............#.,,,,,,,


You could see the friendly Ulric the battlemage, a centaur warrior (ally
target), a friendly warg (summoned) and a friendly ice beast (summoned).

Vanquished Creatures
  A slime creature (D:12)
  A phantom (D:5)
  A bullfrog (D:7)
  2 necrophages (D:4)
  A wight (D:10)
  6 howler monkeys
  An iguana (D:5)
  2 orc wizards
  A shadow imp (D:8)
  5 orcs
  2 endoplasms
  A giant cockroach (D:4)
  2 hobgoblins (D:2)
  A ball python (D:3)
  A bat (D:1)
  A frilled lizard (D:2)
  A kobold (D:11)
  A rat (D:3)
31 creatures vanquished.

Vanquished Creatures (collateral kills)
  Agnes (D:14)
  Kirke (D:12)
  Frances (D:14)
  Snorg (D:12)
  Erolcha (D:12)
  8 vault guards (D:13)
  4 boulder beetles
  2 two-headed ogres
  Sonja (D:11)
  4 skeletal warriors (D:14)
  A deep elf pyromancer (D:15)
  6 ugly things
  A manticore (D:14)
  4 cyclopes
  The ghost of KittyFluff the Covered, a novice GrBe of Trog (D:4)
  3 gargoyles
  Maggie (D:6)
  A cane toad (D:12)
  An unseen horror (D:12)
  2 kobold demonologists (D:12)
  A freezing wraith (D:14)
  5 trolls
  A wolf spider simulacrum (D:14)
  Grinder (D:3)
  3 slime creatures (D:12)
  2 nameless horrors (D:13)
  3 wraiths
  A centaur simulacrum (D:14)
  3 yaks (D:11)
  4 hogs (D:12)
  A steam dragon (D:9)
  11 vampire mosquitoes
  An acid dragon (D:12)
  3 water moccasins
  3 orc warriors
  3 black bears
  A centaur (D:11)
  5 phantoms
  2 kobold brigands (D:12)
  4 necrophages
  2 bullfrogs (D:9)
  A gnoll sergeant (D:10)
  2 scorpions (D:5)
  7 wights
  2 killer bees (D:10)
  A centaur zombie (D:4)
  A howler monkey (D:5)
  A bullfrog zombie (D:4)
  2 quasits (D:4)
  7 orc priests
  6 hounds
  2 iguanas
  6 orc wizards
  Terence (D:3)
  4 adders
  5 gnolls
  2 river rats (D:12)
  2 shadow imps
  A white imp (D:5)
  An adder zombie (D:4)
  A worm (D:3)
  5 dart slugs
  14 orcs
  5 ball pythons
  A bat (D:6)
  9 endoplasms
  A giant cockroach (D:1)
  9 goblins
  7 hobgoblins
  3 quokkas
  3 frilled lizards
  15 kobolds
  5 rats
  A bush (D:4)
238 creatures vanquished.

Vanquished Creatures (others)
  A hydra (D:12)
  A centaur warrior (D:12)
  An oklob plant (D:11)
  3 humans (D:12)
  A water moccasin (D:12)
  An ice beast (D:6)
  An orc warrior (D:10)
  A kobold brigand (D:11)
  2 killer bees (D:10)
  An electric eel (D:10)
  14 battlemagi
  2 gnolls (D:10)
  A river rat (D:12)
  2 kobolds (D:12)
  27 plants
59 creatures vanquished.

Grand Total: 328 creatures vanquished

Notes
Turn   | Place    | Note
-------+----------+-------------------------------------------
     0 | D:1      | javelincjr the Barachi Summoner began the quest for the
                  | Orb.
     0 | D:1      | Reached XP level 1. HP: 13/13 MP: 3/3
   115 | D:1      | Reached skill level 5 in Summonings
   396 | D:1      | Reached XP level 2. HP: 6/19 MP: 5/5
   622 | D:1      | Learned a level 2 spell: Call Imp
  1390 | D:2      | Reached XP level 3. HP: 24/24 MP: 6/6
  1867 | D:2      | Learned a level 3 spell: Call Canine Familiar
  1984 | D:2      | Found a faded altar of an unknown god.
  2273 | D:3      | Found a white marble altar of Elyvilon.
  2273 | D:3      | Found a glowing silver altar of Zin.
  2273 | D:3      | Found a glowing golden altar of the Shining One.
  2340 | D:3      | Found a hide-covered altar of Uskayaw.
  2544 | D:3      | Noticed Terence
  2560 | D:3      | Killed Terence
  2561 | D:3      | Reached XP level 4. HP: 30/30 MP: 8/8
  2836 | D:3      | Noticed Grinder
  2866 | D:3      | Killed Grinder
  2867 | D:3      | Reached skill level 6 in Summonings
  2867 | D:3      | Reached XP level 5. HP: 36/36 MP: 11/11
  2867 | D:3      | Reached XP level 6. HP: 42/42 MP: 11/12
  2983 | D:3      | Reached skill level 7 in Summonings
  3518 | D:4      | Reached skill level 5 in Spellcasting
  3885 | D:4      | Noticed a black bear
  3900 | D:4      | Killed a black bear
  3901 | D:4      | Reached skill level 1 in Fighting
  3901 | D:4      | Reached XP level 7. HP: 48/48 MP: 13/14
  4088 | D:4      | Found a blossoming altar of Fedhas.
  4105 | D:4      | Found a transporter.
  4106 | D:4      | Noticed KittyFluff's ghost (novice GrBe)
  4125 | D:4      | Found a transporter.
  4312 | D:4      | Learned a level 3 spell: Summon Guardian Golem
  4465 | D:4      | Killed KittyFluff's ghost
  4466 | D:4      | Reached skill level 8 in Summonings
  4466 | D:4      | Reached XP level 8. HP: 13/54 MP: 1/17
  4801 | D:4      | You fall into a shaft and drop 3 floors!
  4822 | D:7      | Found a burning altar of Makhleb.
  4870 | D:5      | Entered Level 5 of the Dungeon
  4928 | D:5      | Found an iron altar of Okawaru.
  5286 | D:4      | Reached skill level 9 in Summonings
  5703 | D:5      | Reached skill level 10 in Summonings
  5791 | D:5      | Reached XP level 9. HP: 37/59 MP: 20/20
  5799 | D:5      | Reached skill level 1 in Hexes
  5960 | D:5      | Learned a level 4 spell: Summon Ice Beast
  5965 | D:5      | Learned a level 4 spell: Summon Lightning Spire
  5989 | D:5      | Found a staircase to the Ecumenical Temple.
  5997 | D:5      | Found a shimmering blue altar of Sif Muna.
  5999 | Temple   | Entered the Ecumenical Temple
  6050 | Temple   | Became a worshipper of Hepliaklqana the Forgotten
  6120 | Temple   | Gained mutation: You have a pair of small horns on your
                  | head. [potion of mutation]
  6305 | D:5      | Found a radiant altar of Vehumet.
  6390 | D:5      | Found a snail-covered altar of Cheibriados.
  6494 | D:5      | Found a shimmering altar of Xom.
  6496 | D:5      | Found a shimmering altar of Xom.
  6496 | D:5      | Found a broken altar of Ashenzari.
  6497 | D:5      | Found an iron altar of Okawaru.
  6497 | D:5      | Found a radiant altar of Vehumet.
  6497 | D:5      | Found a hazy altar of Hepliaklqana.
  7355 | D:6      | Noticed Maggie
  7373 | D:6      | Killed Maggie
  7374 | D:6      | Reached skill level 11 in Summonings
  7374 | D:6      | Reached skill level 1 in Ice Magic
  7428 | D:6      | Reached * piety under Hepliaklqana
  7680 | D:6      | Found a sacrificial altar of Ru.
  8070 | D:7      | Reached skill level 1 in Armour
  8168 | D:7      | Reached skill level 1 in Air Magic
  8387 | D:7      | Found a sparkling altar of Nemelex Xobeh.
  8697 | D:7      | Reached XP level 10. HP: 59/59 MP: 22/22
  8954 | D:8      | Reached skill level 1 in Staves
  9134 | D:8      | Reached ** piety under Hepliaklqana
  9135 | D:8      | Remembered your ancestor Ulric as a battlemage
 10164 | D:10     | Entered Level 10 of the Dungeon
 10488 | D:10     | Reached skill level 12 in Summonings
 10631 | D:10     | Reached skill level 1 in Polearms
 10645 | D:10     | Identified the +0 pair of boots "Pirchai" {MP+9 Str-3
                  | Stlth+}
 10712 | D:10     | Noticed a gargoyle
 10721 | D:10     | Killed a gargoyle
 11114 | D:10     | Noticed a two-headed ogre
 11146 | D:10     | Killed a two-headed ogre
 11482 | D:10     | Identified the +1 ring mail of Yesterday {rElec}
 11773 | D:10     | Learned a level 7 spell: Summon Hydra
 11778 | D:10     | Reached skill level 10 in Spellcasting
 11958 | D:11     | Noticed a gargoyle
 11966 | D:11     | Killed a gargoyle
 11991 | D:11     | Found a staircase to the Lair.
 11991 | D:11     | Noticed an oklob plant
 12031 | D:11     | Killed an oklob plant
 12032 | D:11     | Reached skill level 13 in Summonings
 12032 | D:11     | Reached XP level 11. HP: 64/64 MP: 25/25
 12223 | D:11     | Identified the +5 ring mail of Filth {rF+ rN+}
 12233 | D:11     | Identified the +4 war axe "Viroew" {drain, rC++ rCorr Int-2
                  | Dex+8}
 12350 | D:11     | Found a staircase to the Orcish Mines.
 12356 | D:11     | Reached *** piety under Hepliaklqana
 12963 | D:11     | Noticed Sonja
 12970 | D:11     | Killed Sonja
 13069 | D:11     | Noticed a two-headed ogre
 13087 | D:11     | Killed a two-headed ogre
 13268 | D:12     | Noticed Kirke
 13280 | D:12     | Noticed a centaur warrior
 13285 | D:12     | Killed a centaur warrior
 13436 | D:12     | Reached skill level 14 in Summonings
 13678 | D:12     | Noticed Snorg
 13687 | D:12     | Killed Snorg
 13688 | D:12     | Reached skill level 1 in Shields
 13703 | D:12     | Noticed a cyclops
 13707 | D:12     | Reached skill level 1 in Throwing
 13712 | D:12     | Killed a cyclops
 13735 | D:12     | Noticed Erolcha
 13745 | D:12     | Killed Erolcha
 13873 | D:12     | Noticed a cyclops
 13879 | D:12     | Killed a cyclops
 13880 | D:12     | Reached XP level 12. HP: 33/72 MP: 28/28
 13887 | D:12     | Noticed a seven-headed hydra
 13896 | D:12     | Killed a seven-headed hydra
 14088 | D:12     | Killed Kirke
 14172 | D:12     | Noticed a sun demon
 14410 | D:12     | Reached skill level 15 in Summonings
 14967 | D:13     | Noticed a boulder beetle
 14982 | D:13     | Killed a boulder beetle
 14983 | D:13     | Reached skill level 5 in Ice Magic
 15121 | D:13     | Found a gate to the Vaults.
 15121 | D:13     | Noticed a vault guard
 15121 | D:13     | Noticed a vault guard
 15121 | D:13     | Noticed a vault guard
 15121 | D:13     | Noticed a vault guard
 15121 | D:13     | Noticed a vault guard
 15121 | D:13     | Noticed a vault guard
 15122 | D:13     | Noticed a vault guard
 15132 | D:13     | Noticed a vault guard
 15137 | D:13     | Killed a vault guard
 15154 | D:13     | Killed a vault guard
 15164 | D:13     | Killed a vault guard
 15168 | D:13     | Killed a vault guard
 15177 | D:13     | Killed a vault guard
 15178 | D:13     | Reached skill level 16 in Summonings
 15184 | D:13     | Killed a vault guard
 15185 | D:13     | Gained mutation: You can hop long distances. [Barachi
                  | growth]
 15185 | D:13     | Reached XP level 13. HP: 36/77 MP: 27/30
 15190 | D:13     | Killed a vault guard
 15197 | D:13     | Killed a vault guard
 15793 | D:14     | Identified the ring "Fygohell" {Ice Str+2}
 16818 | D:14     | Noticed Frances
 16829 | D:14     | Killed Frances
 16889 | D:14     | Noticed Agnes
 16949 | D:14     | Killed Agnes
 17194 | D:14     | Reached skill level 17 in Summonings
 17795 | D:15     | Entered Level 15 of the Dungeon
 17795 | D:15     | Reached **** piety under Hepliaklqana
 17802 | D:15     | Found a staircase to the Depths.
 17805 | D:15     | Noticed a fire giant
 18022 | D:15     | Reached skill level 15 in Spellcasting
 18029 | D:15     | Shot with an arrow by a centaur warrior

Illustrated notes

Levels and vault maps discovered:
D:1:      eino_arrival_cavern_d, layout_basic, st_stairs_10
D:2:      layout_basic, chequers_ecumenical_altar_simple_redux,
          reono_crystal_passage, minmay_misc_feat_columns
D:3:      layout_loops_ring, good_gods_mini_temple, lemuel_crystal_altar,
          kennysheep_donut, hangedman_decor_lopped, uniq_terence, uniq_grinder
D:4:      minmay_opposing_rooms, layout_basic, fedhas_altar_decomposition,
          gammafunk_ghost_stat_death, patterned_corridor
D:5:      layout_gridville, mainiacjoe_overflow_catwalk_spiral,
          cheibriados_altar_1, doesnt_xom_only_xom, okawaru_ov_weapons_minmay,
          minmay_temple_entry_proselytizer, hangedman_decor_diamond_cutter,
          serial_bayou_pond_b, minmay_between
D:6:      layout_loops_cross, nicolae_ru_great_annihilating_truth, uniq_maggie
D:7:      layout_basic, bloody_makhleb, nemelex_spade_bored_becter,
          minmay_misc_feat_diagonals, minivault_26
D:8:      layout_rooms, kennysheep_boxes
D:9:      layout_rooms
D:10:     layout_basic, nrook_loot_triangle
D:11:     layout_roguey, dpeg_oklobed_lair, minmay_orc_entry_temple_small,
          uniq_sonja
D:12:     layout_rooms, pond, uniq_snorg, uniq_erolcha, uniq_kirke
D:13:     layout_rooms, erik_vaults_2, grunt_decor_one_mirror
D:14:     layout_basic, serial_co_window_serial, co_window_corner_a,
          co_window_corner_a, co_window_paths_a, co_window_of_opportunity_a,
          co_window_paths_a, co_window_2corner, co_window_broadway_c,
          co_window_of_opportunity_c, co_window_of_opportunity_c,
          co_window_2corner, glass_columns_a, uniq_frances, uniq_agnes
D:15:     grunt_enter_depths_giant_problem, layout_cave_pools,
          portal_ice_cave_entry_ice_statue_one, uniq_jorgrun
Temple:   kb_corrupted_temple

Skill      XL: |  1  2  3  4  5  6  7  8  9 10 11 12 13 |
---------------+----------------------------------------+-----
Summonings     | 5 6 7 8 10 11 13 14 16 17 | 17.5
Spellcasting   | 3 4 5 6 7 8 10 12 13 15 | 15.0
Stealth        | 2 3 4 |  4.5
Fighting       | 1 2 3 |  3.4
Dodging        | 3 4 |  4.2
Hexes          | 1 2 3 |  3.0
Ice Magic      | 2 3 4 5 |  5.6
Armour         | 1 2 |  2.7
Air Magic      | 1 2 |  2.8
Staves         | 2 |  2.4
Polearms       | 2 3 |  3.4
Shields        | 1 |  1.6
Throwing       | 1 |  1.1
Short Blades   | |  0.8

Action                   |  1- 3 |  4- 6 |  7- 9 | 10-12 | 13-15 || total
-------------------------+-------+-------+-------+-------+-------++-------
Melee: Unarmed           |    14 |       |       |       |       ||    14
       Short sword       |    37 |    14 |       |       |       ||    51
       Punch             |       |     1 |     1 |       |       ||     2
       Dagger            |       |       |    61 |       |       ||    61
       Spear             |       |       |    42 |       |       ||    42
       Quarterstaff      |       |       |    33 |     8 |       ||    41
       Headbutt          |       |       |     5 |     9 |     2 ||    16
       Halberd           |       |       |       |    21 |       ||    21
       Trident           |       |       |       |    43 |     8 ||    51
Throw: Javelin           |       |       |     4 |     3 |       ||     7
 Cast: Summon Small Mamm |    44 |    27 |    54 |    24 |       ||   149
       Call Imp          |    14 |     9 |    17 |    27 |     3 ||    70
       Call Canine Famil |     6 |    10 |    36 |    40 |     7 ||    99
       Summon Guardian G |       |       |    19 |    20 |     7 ||    46
       Summon Ice Beast  |       |       |     9 |    50 |    14 ||    73
       Summon Lightning  |       |       |     3 |    14 |     8 ||    25
       Summon Hydra      |       |       |       |     9 |    23 ||    32
Invok: Recall Ancestor   |       |       |       |     1 |       ||     1
       Ancestor Life: Ba |       |       |       |     1 |       ||     1
 Abil: Hop               |     1 |     1 |     2 |     4 |     3 ||    11
Evoke: Wand              |       |       |     1 |       |       ||     1
  Use: Scroll            |       |       |    16 |    10 |     3 ||    29
       Potion            |       |       |     1 |     2 |     2 ||     5
 Stab: Distracted        |       |     1 |     5 |     3 |     1 ||    10
       Sleeping          |       |       |     1 |       |       ||     1
Armor: Robe              |    16 |     5 |    58 |       |       ||    79
       Acid dragon scale |       |       |    12 |     4 |       ||    16
       Steam dragon scal |       |       |       |    25 |     2 ||    27
Dodge: Dodged            |    44 |    14 |   113 |    74 |    15 ||   260
Block: Other             |       |     2 |    30 |       |       ||    32
       Buckler           |       |       |       |    18 |     3 ||    21
